 Dungeon Crawl Stone Soup version 0.18.1-6-gd335043 (webtiles) character file.

54461 Hipnos the Imperceptible (level 14, -9/56 HPs)
             Began as a Spriggan Enchanter on May 15, 2016.
             Was a High Priest of Ashenzari.
             Mangled by a manticore (10 damage)
             ... on level 12 of the Dungeon.
             The game lasted 01:42:23 (24461 turns).

Hipnos the Imperceptible (Spriggan Enchanter)      Turns: 24461, Time: 01:42:23

Health: -9/56      AC:  6    Str:  4    XL:     14   Next: 34%
Magic:  0/34       EV: 26    Int: 21    God:    Ashenzari [*****.]
Gold:   1339       SH:  0    Dex: 17    Spells: 7 memorised, 21 levels left

rFire  + . .     SeeInvis +     q - +1 dagger (elec) (curse)
rCold  + . .     Gourm    .     U - +2 robe {rC+}
rNeg   . . .     Faith    .     (shield restricted)
rPois  .         Spirit   +     (helmet restricted)
rElec  .         Dismiss  .     u - +1 cloak (curse)
rCorr  .         Reflect  .     (gloves unavailable)
SustAt .         Harm     .     (boots unavailable)
MR     ++...     Clarity  +     i - amulet of guardian spirit (curse)
Stlth  +++++++++.               f - ring of wizardry (curse)
                                h - ring of protection from fire

@: exhausted, manticore barbs, slowed, quick, very resistant to hostile
enchantments, incredibly stealthy
A: unfitting armour, see invisible, herbivore 3, speed 3, frail 1, slow
metabolism 2
a: Curse Item, Scrying, Transfer Knowledge, Renounce Religion


You were on level 12 of the Dungeon.
You worshipped Ashenzari.
Ashenzari was extremely pleased with you.
You were not hungry.

You visited 6 branches of the dungeon, and saw 23 of its levels.
You also visited: Labyrinth.

You collected 1339 gold pieces.

Inventory:

Hand Weapons
 q - a cursed +1 dagger of electrocution (weapon)
 P - the +3 Elemental Staff {rElec rF++ rC++ MR++ AC+5}
   (You found it in a labyrinth)

   It affects your AC (+5).
   It greatly protects you from fire.
   It greatly protects you from cold.
   It insulates you from electricity.
   It affects your resistance to hostile enchantments.
Armour
 u - a cursed +1 cloak (worn)
 U - a +2 robe of cold resistance (worn)
Jewellery
 e - an uncursed ring of sustain attributes
 f - a cursed ring of wizardry (right hand)
 h - a ring of protection from fire (left hand)
 i - a cursed amulet of guardian spirit (around neck)
 J - an uncursed ring of fire
 Q - an uncursed ring of ice
 Z - an uncursed ring of protection from cold
Wands
 x - a wand of acid (15/15)
 M - a wand of digging (15/24)
Scrolls
 o - 4 scrolls of fog
 y - 2 scrolls of amnesia
 E - 6 scrolls of magic mapping
 F - 2 scrolls of recharging
 G - a scroll of enchant weapon {unknown}
 H - a scroll of remove curse
 S - 3 scrolls of blinking
 T - a scroll of fear
Potions
 j - 2 potions of curing
 k - 2 potions of might
 l - a potion of mutation {unknown}
 n - 3 potions of haste
 r - 2 potions of flight
 s - 2 potions of brilliance {unknown}
 t - 2 potions of ambrosia {unknown}
 v - a potion of magic {unknown}
 z - 2 potions of lignification {unknown}
 A - 2 potions of berserk rage
 C - 2 potions of invisibility {unknown}
 N - 2 potions of cancellation {unknown}
 V - a potion of agility {unknown}
 Y - a potion of resistance
Books
 c - a book of Maledictions

   Spells                             Type                      Level
   a - Corona                         Hexes                        1
   b - Ensorcelled Hibernation        Hexes/Ice                    2
   c - Confuse                        Hexes                        3
   d - Tukima's Dance                 Hexes                        3
   e - Dazzling Spray                 Conjuration/Hexes            3
 w - a book of Burglary

   Spells                             Type                      Level
   a - Swiftness                      Charms/Air                   2
   b - Passwall                       Transmutation/Earth          2
   c - Passage of Golubria            Translocation                4
   d - Lee's Rapid Deconstruction     Earth                        5
   e - Darkness                       Hexes                        6
   f - Invisibility                   Hexes                        6
 B - a book of Beasts

   Spells                             Type                      Level
   a - Summon Butterflies             Summoning                    1
   b - Call Canine Familiar           Summoning                    3
   c - Summon Ice Beast               Ice/Summoning                4
   d - Summon Mana Viper              Hexes/Summoning              5
   e - Summon Hydra                   Summoning                    7
 I - a book of Clouds

   Spells                             Type                      Level
   a - Mephitic Cloud                 Conjuration/Poison/Air       3
   b - Conjure Flame                  Conjuration/Fire             3
   c - Poisonous Cloud                Conjuration/Poison/Air       6
   d - Freezing Cloud                 Conjuration/Ice/Air          6
   e - Ring of Flames                 Charms/Fire                  7
 K - Sif Muna's Handbook of the Entourage
   (You found it in a labyrinth)

   Spells                             Type                      Level
   a - Call Imp                       Summoning                    2
   b - Summon Guardian Golem          Hexes/Summoning              3
   c - Call Canine Familiar           Summoning                    3
   d - Summon Demon                   Summoning                    5
   e - Summon Hydra                   Summoning                    7
 L - the Incunabulum of Mutagenic Companions
   (You found it in a labyrinth)

   Spells                             Type                      Level
   a - Irradiate                      Conjuration/Transmutation    5
   b - Yara's Violent Unravelling     Hexes/Transmutation          5
   c - Summon Demon                   Summoning                    5
 O - a book of Changes

   Spells                             Type                      Level
   a - Beastly Appendage              Transmutation                1
   b - Sticks to Snakes               Transmutation                2
   c - Spider Form                    Transmutation/Poison         3
   d - Ice Form                       Ice/Transmutation            4
   e - Blade Hands                    Transmutation                5
 R - a book of Callings

   Spells                             Type                      Level
   a - Summon Small Mammal            Summoning                    1
   b - Call Imp                       Summoning                    2
   c - Call Canine Familiar           Summoning                    3
   d - Summon Guardian Golem          Hexes/Summoning              3
   e - Summon Lightning Spire         Summoning/Air                4
   f - Summon Ice Beast               Ice/Summoning                4
 W - a book of Cantrips

   Spells                             Type                      Level
   a - Corona                         Hexes                        1
   b - Animate Skeleton               Necromancy                   1
   c - Summon Small Mammal            Summoning                    1
   d - Apportation                    Translocation                1
 X - a book of the Tempests

   Spells                             Type                      Level
   a - Static Discharge               Conjuration/Air              3
   b - Lightning Bolt                 Conjuration/Air              5
   c - Fireball                       Conjuration/Fire             5
   d - Tornado                        Air                          9
   e - Shatter                        Earth                        9
Comestibles
 d - 6 bread rations
 m - 25 fruits
 D - 9 royal jellies


   Skills:
 + Level 2.9 Fighting
 + Level 4.8(8.7) Short Blades
 + Level 10.8 Dodging
 + Level 21.8 Stealth
 * Level 15.5 Spellcasting
 * Level 14.1(16.3) Hexes
 - Level 0.1(0.5) Ice Magic
 - Level 0.3(1.2) Earth Magic


You had 21 spell levels left.
You knew the following spells:

 Your Spells              Type           Power        Failure   Level  Hunger
a - Corona                Hex            ######.      0%          1    None
b - Ensorcelled Hibernat  Hex/Ice        ######       1%          2    None
c - Confuse               Hex            ######..     0%          3    None
d - Darkness              Hex            ######....   1%          6    #####..
e - Invisibility          Hex            ######..     1%          6    #####..
f - Passwall              Trmt/Erth      ###.......   1%          2    None
g - Summon Guardian Gole  Hex/Summ       ######..     1%          3    None


Dungeon Overview and Level Annotations

Branches:
Dungeon (12/15)            Temple (1/1) D:5            Lair (7/8) D:9
 Shoals (1/4) Lair:6       Spider (0/4) Lair:4        Slime (1/6) Lair:6
    Orc (1/2) D:12

Altars:
Ashenzari
Cheibriados
Dithmenos
Elyvilon
Fedhas
Gozag
Kikubaaqudgha
Makhleb
Nemelex Xobeh
Okawaru
Pakellas
Qazlal
Ru
Sif Muna
Trog
Vehumet
Xom
Yredelemnul
Zin
The Shining One
Beogh
Jiyva

Shops:
D:6 [   D:8 ?

Annotations:
D:8 1 runed door


Innate Abilities, Weirdness & Mutations

You are tiny and cannot use many weapons and most armour.
You have supernaturally acute eyesight.
You are a herbivore.
You cover ground extremely quickly.
You need consume almost no food.
You are frail (-10% HP).


Message History

You feel a strong urge to attack something.
The manticore flicks its tail.
The volley of spikes misses you.
The manticore flicks its tail.
The volley of spikes hits you!
The barbed spikes become lodged in your body.
* * * LOW HITPOINT WARNING * * *
The barbs in your skin will harm you if you move.
Continue?
The barbed spikes dig painfully into your body as you move.
* * * LOW HITPOINT WARNING * * *
You feel your anger subside.
You closely miss the manticore.
You are no longer berserk.
You are exhausted.
You feel yourself slow down. The manticore bites you.
* * * LOW HITPOINT WARNING * * *
The manticore claws you!
* * * LOW HITPOINT WARNING * * *
The manticore claws you!
You die...

######................#
#.....................#
,
#..................(..#,
#..........####+####..#
#..........# ,, ,,+..#+#
#..........# ,,#.....
#........†.# ,, , #.....
####.......+ , , #.....
#....@..# ,,,, #.....
#....H..# ,, ,#.....
#.).....# ,, #.....
#####...# , ,##....
#...#,,, , #.... **
#...#, ,, #.... ,
,....#,, , #....
,,,,,....# , , , #....
*,, , ...#,, ##....


You could see a manticore.

Vanquished Creatures
  Maud (D:11)
  Snorg (D:10)
  A minotaur (Lab)
  Fannar (D:11)
  Harold (D:10)
  7 hydras
  A merfolk avatar (Shoals:1)
  Erica (D:11)
  8 death yaks (Lair:5)
  Nergalle (D:10)
  2 unseen horrors
  3 hill giants (D:12)
  2 harpies
  2 griffons (Shoals:1)
  3 ugly things
  The ghost of pedritolo the Cudgeler, a novice OgSu (D:4)
  A cyclops (D:12)
  2 black mambas
  The ghost of Alg the Chopper, a novice HOFi (D:5)
  Joseph (D:8)
  A gargoyle (D:9)
  12 spiny frogs
  A rime drake (Lair:5)
  A torpor snail (Lair:5)
  3 komodo dragons
  A wind drake (Shoals:1)
  A queen bee (D:10)
  A polar bear (Lair:6)
  3 jumping spiders (Lair:4)
  2 two-headed ogres
  17 blink frogs
  A boulder beetle (Lair:5)
  A minotaur skeleton (Lab)
  2 slime creatures (Slime:1)
  3 redbacks
  2 shadows (Lab)
  A wyvern (Lair:5)
  35 yaks
  2 basilisks (Lair:5)
  A steam dragon (Lair:5)
  2 hungry ghosts (D:12)
  10 hippogriffs
  Menkaure (D:6)
  Edmund (D:6)
  14 wargs (D:12)
  5 porcupines
  15 water moccasins
  5 orc warriors
  An eye of draining (D:12)
  3 sky beasts
  2 black bears (D:7)
  An ice beast (D:11)
  A phantom (D:9)
  8 wolves
  5 ogres
  6 centaurs
  11 crocodiles
  3 big kobolds
  17 giant frogs
  Blork the orc (D:5)
  A gnoll sergeant (D:11)
  3 scorpions
  A water moccasin skeleton (D:4)
  21 killer bees
  4 howler monkeys
  7 crimson imps
  A giant frog zombie (D:9)
  3 centaur zombies (D:6)
  A jelly (D:7)
  3 hounds
  8 orc wizards
  10 orc priests
  A gnoll shaman (D:10)
  2 centaur skeletons
  4 giant frog skeletons
  11 iguanas
  19 worker ants
  4 sheep (Lair:3)
  2 hound skeletons
  A worker ant zombie (D:7)
  11 gnolls
  9 adders
  42 river rats
  A shadow imp (D:11)
  2 oozes (D:1)
  An adder skeleton (D:6)
  2 worms
  2 dart slugs (D:4)
  9 giant geckos
  43 orcs
  2 ball pythons
  7 giant cockroaches (D:4)
  10 goblins
  7 hobgoblins
  2 jackals (D:6)
  4 quokkas
  15 bats
  3 giant newts
  3 jackal skeletons
  21 kobolds
  15 rats
562 creatures vanquished.

Vanquished Creatures (others)
  11 fungi
  5 plants
16 creatures vanquished.

Grand Total: 578 creatures vanquished

Notes
Turn   | Place    | Note
--------------------------------------------------------------
     0 | D:1      | Hipnos the Spriggan Enchanter began the quest for the Orb.
     0 | D:1      | Reached XP level 1. HP: 9/9 MP: 5/5
    89 | D:1      | Reached XP level 2. HP: 13/13 MP: 6/6
   831 | D:2      | Learned a level 2 spell: Ensorcelled Hibernation
   874 | D:2      | Reached XP level 3. HP: 12/16 MP: 2/8
  1056 | D:2      | Reached skill level 5 in Stealth
  1063 | D:2      | Learned a level 3 spell: Confuse
  2180 | D:3      | Reached XP level 4. HP: 21/21 MP: 9/9
  2588 | D:3      | Reached skill level 6 in Stealth
  2635 | D:3      | Reached XP level 5. HP: 20/25 MP: 2/11
  2837 | D:3      | Found a stormy altar of Qazlal.
  2931 | D:3      | Found a shimmering altar of Xom.
  2985 | D:4      | Noticed pedritolo's ghost (novice OgSu)
  3633 | D:5      | Entered Level 5 of the Dungeon
  3659 | D:5      | Noticed Alg's ghost (novice HOFi)
  3961 | D:6      | Reached skill level 5 in Hexes
  4000 | D:6      | Noticed a sky beast
  4016 | D:6      | Killed a sky beast
  4016 | D:6      | Reached skill level 7 in Stealth
  4016 | D:6      | Reached XP level 6. HP: 10/29 MP: 6/13
  4366 | D:6      | Reached skill level 8 in Stealth
  4377 | D:6      | Reached skill level 5 in Spellcasting
  4386 | D:6      | Reached XP level 7. HP: 31/32 MP: 11/15
  4406 | D:6      | Found Xatyrhod's Antique Armour Shop.
  4417 | D:6      | Noticed Menkaure
  4438 | D:6      | Killed Menkaure
  4660 | D:6      | Noticed Edmund
  4693 | D:6      | Reached skill level 9 in Stealth
  4758 | D:6      | Killed Edmund
  4780 | D:6      | Reached XP level 8. HP: 19/37 MP: 2/18
  5152 | D:5      | Noticed Blork the orc
  5156 | D:5      | Killed Blork the orc
  5156 | D:5      | Reached skill level 5 in Dodging
  6250 | D:5      | Found a staircase to the Ecumenical Temple.
  6256 | D:5      | Reached skill level 10 in Stealth
  6264 | Temple   | Entered the Ecumenical Temple
  6319 | Temple   | Became a worshipper of Ashenzari the Shackled
  6809 | D:5      | Found a shadowy altar of Dithmenos.
  7065 | D:4      | Found a basalt altar of Yredelemnul.
  7445 | D:6      | Reached skill level 1 in Fighting
  7758 | D:4      | Killed pedritolo's ghost
  7758 | D:4      | Reached skill level 11 in Stealth
  7758 | D:4      | Reached XP level 9. HP: 41/41 MP: 16/21
  8623 | D:5      | Killed Alg's ghost
  8623 | D:5      | Reached skill level 12 in Stealth
  8859 | D:7      | Found a bloodstained altar of Trog.
  8952 | D:7      | Reached * piety under Ashenzari
  9225 | D:7      | Reached skill level 13 in Stealth
  9416 | D:7      | Found an iron altar of Okawaru.
  9683 | D:8      | Found a stormy altar of Qazlal.
  9784 | D:8      | Found a sacrificial altar of Ru.
  9876 | D:8      | Found a glowing silver altar of Zin.
  9876 | D:8      | Noticed an angel
  9877 | D:8      | Found a runed door.
  9907 | D:8      | Found Oprenn's Magic Scroll Shop.
  9961 | D:8      | Learned a level 6 spell: Darkness
  9968 | D:8      | Learned a level 6 spell: Invisibility
 10044 | D:8      | Noticed Joseph
 10053 | D:8      | Killed Joseph
 10053 | D:8      | Reached XP level 10. HP: 46/46 MP: 18/24
 10105 | D:8      | Found a white marble altar of Elyvilon.
 10197 | D:8      | Reached ** piety under Ashenzari
 10720 | D:9      | Reached skill level 14 in Stealth
 10752 | D:9      | Reached skill level 10 in Hexes
 10979 | D:9      | Noticed a gargoyle
 10988 | D:9      | Killed a gargoyle
 10988 | D:9      | Reached skill level 10 in Spellcasting
 11174 | D:9      | Found a basalt altar of Yredelemnul.
 11701 | D:9      | Found a staircase to the Lair.
 11709 | Lair:1   | Entered Level 1 of the Lair of Beasts
 11732 | Lair:1   | Noticed a spiny frog
 11739 | Lair:1   | Killed a spiny frog
 11990 | Lair:1   | Found a labyrinth entrance.
 11999 | Lab      | Entered a labyrinth
 12829 | Lab      | Reached skill level 15 in Stealth
 13079 | Lab      | Identified the +1 war axe of the Enemy {holy, rPois Str+2 Int-3 Dex+6}
 14532 | Lab      | Learned a level 2 spell: Passwall
 14707 | Lab      | Noticed a minotaur
 14710 | Lab      | Killed a minotaur
 14710 | Lab      | Reached XP level 11. HP: 49/49 MP: 20/27
 14715 | Lab      | Identified Sif Muna's Handbook of the Entourage
 14715 | Lab      | Identified the Incunabulum of Mutagenic Companions
 15011 | Lair:1   | Reached skill level 16 in Stealth
 16412 | Lair:2   | Reached *** piety under Ashenzari
 16436 | Lair:2   | Reached skill level 17 in Stealth
 16810 | Lair:2   | Learned a level 3 spell: Summon Guardian Golem
 16849 | Lair:3   | Noticed a seven-headed hydra
 16891 | Lair:3   | Killed a seven-headed hydra
 17013 | Lair:3   | Reached XP level 12. HP: 51/54 MP: 22/29
 17218 | Lair:3   | Noticed a five-headed hydra
 17223 | Lair:3   | Killed a five-headed hydra
 17375 | Lair:3   | Noticed a seven-headed hydra
 17390 | Lair:3   | Killed a seven-headed hydra
 18197 | Lair:4   | Reached skill level 18 in Stealth
 18288 | Lair:4   | Reached **** piety under Ashenzari
 18373 | Lair:4   | Found a hole to the Spider Nest.
 18917 | Lair:5   | Reached skill level 19 in Stealth
 18932 | Lair:5   | Reached skill level 10 in Dodging
 19042 | Lair:5   | Noticed a death yak
 19047 | Lair:5   | Noticed a death yak
 19643 | Lair:5   | Noticed a five-headed hydra
 19795 | Lair:5   | Killed a death yak
 19813 | Lair:5   | Killed a five-headed hydra
 19832 | Lair:5   | Killed a death yak
 19832 | Lair:5   | Reached XP level 13. HP: 47/59 MP: 23/31
 20582 | Lair:6   | Reached skill level 20 in Stealth
 20638 | Lair:6   | Found a staircase to the Shoals.
 21385 | Shoals:1 | Entered Level 1 of the Shoals
 21621 | Lair:6   | Found a viscous altar of Jiyva.
 21623 | Lair:6   | Found a staircase to the Slime Pits.
 21631 | Slime:1  | Entered Level 1 of the Pits of Slime
 21966 | D:10     | Entered Level 10 of the Dungeon
 22088 | D:10     | Noticed Harold
 22095 | D:10     | Killed Harold
 22419 | D:10     | Noticed Nergalle
 22430 | D:10     | Killed Nergalle
 22476 | D:10     | Noticed Snorg
 22558 | D:10     | Killed Snorg
 22558 | D:10     | Reached skill level 21 in Stealth
 22756 | D:10     | Reached skill level 15 in Spellcasting
 22821 | D:11     | Noticed Maud
 22823 | D:11     | Killed Maud
 22828 | D:11     | Reached XP level 14. HP: 63/63 MP: 27/34
 23220 | D:11     | Noticed Fannar
 23224 | D:11     | Killed Fannar
 23325 | D:11     | Noticed Erica
 23327 | D:11     | Killed Erica
 23535 | D:12     | Reached ***** piety under Ashenzari
 23541 | D:12     | Found a staircase to the Orcish Mines.
 23549 | Orc:1    | Entered Level 1 of the Orcish Mines
 23598 | Orc:1    | Found a roughly hewn altar of Beogh.
 23659 | D:12     | Gained mutation: You are frail (-10% HP). [mutagenic glow]
 24461 | D:12     | HP: 1/56 [manticore (7)]
 24461 | D:12     | Mangled by a manticore

Skill      XL: |  1  2  3  4  5  6  7  8  9 10 11 12 13 14 |
---------------+-------------------------------------------+-----
Hexes          | 4 5 6 8 9 10 11 12 13 14 | 14.1
Stealth        | 5 6 7 8 9 11 13 15 17 19 21 | 21.8
Spellcasting   | 3 4 5 6 7 9 11 12 13 15 | 15.5
Dodging        | 4 5 7 9 10 | 10.8
Short Blades   | 2 3 4 |  4.8
Fighting       | 1 2 |  2.9
Ice Magic      | |  0.1
Earth Magic    | |  0.3

Action                   |  1- 3 |  4- 6 |  7- 9 | 10-12 | 13-15 || total
-------------------------+-------+-------+-------+-------+-------++-------
Melee: Dagger            |   113 |   135 |   295 |   520 |   342 ||  1405
 Cast: Ensorcelled Hiber |     8 |    29 |    70 |   140 |    96 ||   343
       Confuse           |       |    11 |    54 |    34 |    43 ||   142
       Invisibility      |       |       |     1 |    11 |     8 ||    20
       Passwall          |       |       |       |     1 |       ||     1
       Summon Guardian G |       |       |       |       |     2 ||     2
Invok: Curse Item        |       |       |     3 |       |     2 ||     5
       Scrying           |       |       |       |     6 |       ||     6
  Use: Scroll            |     3 |       |     8 |     2 |     9 ||    22
       Potion            |       |     2 |     3 |       |     3 ||     8
 Stab: Sleeping          |    17 |    23 |    59 |   150 |   102 ||   351
       Distracted        |     1 |       |     2 |     3 |     3 ||     9
       Confused          |       |     3 |    34 |    23 |    20 ||    80
       Invisible         |       |       |     1 |    41 |    42 ||    84
       Held in net/web   |       |       |       |       |     1 ||     1
  Eat: Bread ration      |       |     1 |     1 |       |     2 ||     4
       Fruit             |       |       |       |    11 |       ||    11
       Pizza             |       |       |       |     1 |       ||     1
Armor: Robe              |    12 |    18 |    18 |    37 |    12 ||    97
Dodge: Dodged            |    90 |   118 |   200 |   544 |   269 ||  1221
